TOP OF THE 1ST |
Menlo Maniacs batting - Pitching for Bismarck Barons : RHP Ron Martin
|
Pitching: RHP Ron Martin
|
|
Batting: RHB Robert Downing
|
0-0: Called Strike 0-1: Foul Ball, location: 2F 0-2: Ball 1-2: Foul Ball, location: 2F 1-2: Ball 2-2: Foul Ball, location: 2F 2-2: Strikes out swinging
|
Batting: LHB Jeff Tucker
|
0-0: Ball 1-0: Ground out 6-3 (Groundball, 6M)
|
Batting: LHB Arthur Hall
|
0-0: Ball 1-0: Ground out U3 (Groundball, 3L)
|
Top of the 1st over - 0 run(s), 0 hit(s), 0 error(s), 0 left on base; Menlo 0 - Bismarck 0 |
BOTTOM OF THE 1ST |
Bismarck Barons batting - Pitching for Menlo Maniacs : RHP Steve Standard
|
Pitching: RHP Steve Standard
|
|
Batting: LHB John Frost
|
0-0: Ball 1-0: Ball 2-0: DOUBLE (Flyball, 7LS)
|
Batting: RHB Norm Francis
|
0-0: Ball 1-0: Called Strike 1-1: Foul Ball, location: 2F 1-2: Hit by Pitch
|
Batting: RHB Eric Fuller
|
0-0: Ball 1-0: Called Strike 1-1: Called Strike 1-2: DOUBLE (Flyball, 89D) John Frost scores Norm Francis to third Runner from 3rd tries for Home, SAFE, no throw or cutoff
|
Batting: SHB António De La Cruz
|
0-0: Swinging Strike 0-1: Swinging Strike 0-2: Foul Ball, location: 2F 0-2: Ball 1-2: Ball 2-2: Strikes out swinging
|
Batting: RHB Seiji Kouno
|
0-0: Foul Ball, location: 2F 0-1: Called Strike 0-2: Ball 1-2: SINGLE (Groundball, 6MD) Eric Fuller to third Runner from 3rd tries for Home, SAFE, no throw or cutoff
|
Batting: RHB Herb Bunch
|
0-0: Ball 1-0: Ball 2-0: 2-RUN HOME RUN (Flyball, 7D), Distance : 357 ft
|
Batting: RHB Pancho Torres
|
0-0: SINGLE (Groundball, 4MD)
|
Batting: RHB Michael Thomas
|
0-0: Ball 1-0: Ball 2-0: Called Strike 2-1: SINGLE (Line Drive, 7LM) Pancho Torres to second
|
Batting: LHB Jorge Fernández
|
0-0: Ball 1-0: Ball Pancho Torres is caught stealing 3rd base Michael Thomas to second 2-0: Foul Ball, location: 2F 2-1: Ball 3-1: Swinging Strike 3-2: Base on Balls
|
Batting: LHB John Frost
|
0-0: Ground out 6-3 (Groundball, 6)
|
Bottom of the 1st over - 5 run(s), 6 hit(s), 0 error(s), 2 left on base; Menlo 0 - Bismarck 5 |
TOP OF THE 2ND |
Menlo Maniacs batting - Pitching for Bismarck Barons : RHP Ron Martin
|
Batting: RHB Steve Sampson
|
0-0: Swinging Strike 0-1: Foul Ball, location: 2F 0-2: Ball 1-2: DOUBLE (Flyball, 8LXD)
|
Batting: RHB Júlio Trinidad
|
0-0: Called Strike 0-1: Ball 1-1: Swinging Strike 1-2: SINGLE (Line Drive, 56) Steve Sampson to third
|
Batting: RHB Ernest Russell
|
0-0: Called Strike 0-1: Ball 1-1: Called Strike 1-2: Ball 2-2: Reached on error, E1 (Groundball, 15) Steve Sampson scores Júlio Trinidad to second
|
Batting: LHB Pedro Rodríguez
|
0-0: Called Strike 0-1: Called Strike 0-2: Ball 1-2: Strikes out swinging
|
Batting: LHB Keith Green
|
0-0: Foul Ball, location: 2F 0-1: Called Strike 0-2: Ball 1-2: Ball 2-2: Ball 3-2: Fly out, F7 (Flyball, 7LS)
|
Batting: RHB Gilberto León
|
0-0: Ball 1-0: Ball 2-0: Called Strike 2-1: Ground out 5-3 (Groundball, 5)
|
Top of the 2nd over - 1 run(s), 2 hit(s), 1 error(s), 2 left on base; Menlo 1 - Bismarck 5 |
BOTTOM OF THE 2ND |
Bismarck Barons batting - Pitching for Menlo Maniacs : RHP Steve Standard
|
Batting: RHB Norm Francis
|
0-0: Ball 1-0: Foul Ball, location: 2F 1-1: Swinging Strike 1-2: Strikes out looking
|
Batting: RHB Eric Fuller
|
0-0: Ball 1-0: Fly out, F3 (Popup, 3L)
|
Batting: SHB António De La Cruz
|
0-0: Ball 1-0: Fly out, F9 (Flyball, 9LD)
|
Bottom of the 2nd over - 0 run(s), 0 hit(s), 0 error(s), 0 left on base; Menlo 1 - Bismarck 5 |
TOP OF THE 3RD |
Menlo Maniacs batting - Pitching for Bismarck Barons : RHP Ron Martin
|
Batting: RHB Robert Downing
|
0-0: Swinging Strike 0-1: Ball 1-1: Ball 2-1: Foul Ball, location: 2F 2-2: Strikes out swinging
|
Batting: LHB Jeff Tucker
|
0-0: Called Strike 0-1: Ball 1-1: Swinging Strike 1-2: Strikes out swinging
|
Batting: LHB Arthur Hall
|
0-0: SINGLE (Groundball, 4MD)
|
Batting: RHB Steve Sampson
|
0-0: Ball 1-0: Called Strike 1-1: Called Strike 1-2: Ball 2-2: Ball 3-2: Base on Balls Arthur Hall to second
|
Batting: RHB Júlio Trinidad
|
0-0: Ball 1-0: Ball 2-0: Swinging Strike 2-1: Foul Ball, location: 2F 2-2: Ball 3-2: Ground out 4-3 (Groundball, 4M)
|
Top of the 3rd over - 0 run(s), 1 hit(s), 0 error(s), 2 left on base; Menlo 1 - Bismarck 5 |
BOTTOM OF THE 3RD |
Bismarck Barons batting - Pitching for Menlo Maniacs : RHP Steve Standard
|
Batting: RHB Seiji Kouno
|
0-0: Foul Ball, location: 2F 0-1: Swinging Strike 0-2: Strikes out looking
|
Batting: RHB Herb Bunch
|
0-0: Ball 1-0: Ball 2-0: Called Strike 2-1: Swinging Strike 2-2: Ball 3-2: Base on Balls
|
Batting: RHB Pancho Torres
|
0-0: Foul Ball, location: 2F 0-1: Foul Ball, location: 2F 0-2: Strikes out looking
|
Batting: RHB Michael Thomas
|
0-0: Ball 1-0: Ball 2-0: DOUBLE (Line Drive, 7LS) Herb Bunch to third Runner from 3rd tries for Home, throw and OUT!
|
Bottom of the 3rd over - 0 run(s), 1 hit(s), 0 error(s), 1 left on base; Menlo 1 - Bismarck 5 |
TOP OF THE 4TH |
Menlo Maniacs batting - Pitching for Bismarck Barons : RHP Ron Martin
|
Batting: RHB Ernest Russell
|
0-0: Ball 1-0: Ground out 5-3 (Groundball, 56)
|
Batting: LHB Pedro Rodríguez
|
0-0: Called Strike 0-1: Foul Ball, location: 2F 0-2: Ball 1-2: Strikes out swinging
|
Batting: LHB Keith Green
|
0-0: Ball 1-0: Ground out 4-3 (Groundball, 4M)
|
Top of the 4th over - 0 run(s), 0 hit(s), 0 error(s), 0 left on base; Menlo 1 - Bismarck 5 |
BOTTOM OF THE 4TH |
Bismarck Barons batting - Pitching for Menlo Maniacs : RHP Steve Standard
|
Batting: LHB Jorge Fernández
|
0-0: Ball 1-0: Called Strike 1-1: Foul Ball, location: 2F 1-2: Fly out, F8 (Flyball, 8LS)
|
Batting: LHB John Frost
|
0-0: Ball 1-0: Ground out 4-3 (Groundball, 4)
|
Batting: RHB Norm Francis
|
0-0: Ground out 5-3 (Groundball, 5S)
|
Bottom of the 4th over - 0 run(s), 0 hit(s), 0 error(s), 0 left on base; Menlo 1 - Bismarck 5 |
TOP OF THE 5TH |
Menlo Maniacs batting - Pitching for Bismarck Barons : RHP Ron Martin
|
Batting: RHB Gilberto León
|
0-0: Swinging Strike 0-1: Ball 1-1: Ball 2-1: Ball 3-1: Swinging Strike 3-2: Foul Ball, location: 2F 3-2: Strikes out swinging
|
Batting: RHB Robert Downing
|
0-0: Ball 1-0: Called Strike 1-1: Ball 2-1: Foul Ball, location: 2F 2-2: Foul Ball, location: 2F 2-2: Foul Ball, location: 2F 2-2: Strikes out looking
|
Batting: LHB Jeff Tucker
|
0-0: Foul Ball, location: 2F 0-1: Foul Ball, location: 2F 0-2: Foul Ball, location: 2F 0-2: Ball 1-2: Foul Ball, location: 2F 1-2: Foul Ball, location: 2F 1-2: SINGLE (Groundball, 34D)
|
Batting: LHB Arthur Hall
|
0-0: Foul Ball, location: 2F 0-1: Foul Ball, location: 2F 0-2: DOUBLE (Flyball, 8LXD) Jeff Tucker to third
|
Batting: RHB Steve Sampson
|
0-0: Ball 1-0: Foul Ball, location: 2F 1-1: Ball 2-1: Ball 3-1: Called Strike 3-2: Base on Balls
|
Pitching: RHP Sean Bass
|
|
Batting: RHB Júlio Trinidad
|
0-0: Ball 1-0: Foul Ball, location: 2F 1-1: SINGLE (Groundball, 3D) Jeff Tucker scores Arthur Hall to third Steve Sampson to second Runner from 3rd tries for Home, SAFE, no throw or cutoff
|
Batting: RHB Ernest Russell
|
0-0: Called Strike 0-1: Foul Ball, location: 2F 0-2: Ball 1-2: Strikes out swinging
|
Top of the 5th over - 2 run(s), 3 hit(s), 0 error(s), 2 left on base; Menlo 3 - Bismarck 5 |
BOTTOM OF THE 5TH |
Bismarck Barons batting - Pitching for Menlo Maniacs : RHP Steve Standard
|
Batting: RHB Eric Fuller
|
0-0: Ball 1-0: Called Strike 1-1: Ball 2-1: Foul Ball, location: 2F 2-2: Foul Ball, location: 2F 2-2: Ground out U3 (Groundball, 3S)
|
Batting: SHB António De La Cruz
|
0-0: Foul Ball, location: 2F 0-1: Foul Ball, location: 2F 0-2: Foul Ball, location: 2F 0-2: Strikes out looking
|
Batting: RHB Seiji Kouno
|
0-0: Called Strike 0-1: Foul Ball, location: 2F 0-2: Fly out, F8 (Line Drive, 89M)
|
Bottom of the 5th over - 0 run(s), 0 hit(s), 0 error(s), 0 left on base; Menlo 3 - Bismarck 5 |
TOP OF THE 6TH |
Menlo Maniacs batting - Pitching for Bismarck Barons : RHP Sean Bass
|
Batting: LHB Pedro Rodríguez
|
0-0: Called Strike 0-1: Ball 1-1: Foul Ball, location: 2F 1-2: Fly out, F7 (Line Drive, 78M)
|
Batting: LHB Keith Green
|
0-0: Ball 1-0: Foul Ball, location: 2F 1-1: Ground out 3-1 (Groundball, 34)
|
Batting: RHB Gilberto León
|
0-0: Called Strike 0-1: Called Strike 0-2: Strikes out swinging
|
Top of the 6th over - 0 run(s), 0 hit(s), 0 error(s), 0 left on base; Menlo 3 - Bismarck 5 |
BOTTOM OF THE 6TH |
Bismarck Barons batting - Pitching for Menlo Maniacs : RHP Steve Standard
|
Batting: RHB Herb Bunch
|
0-0: Ball 1-0: Called Strike 1-1: Ball 2-1: Swinging Strike 2-2: Ground out 4-3 (Groundball, 4M)
|
Batting: RHB Pancho Torres
|
0-0: Foul Ball, location: 2F 0-1: Ball 1-1: Ball 2-1: Ball 3-1: Foul Ball, location: 2F 3-2: Foul Ball, location: 2F 3-2: Base on Balls
|
Batting: RHB Michael Thomas
|
0-0: Called Strike 0-1: Ball 1-1: Ball 2-1: Foul Ball, location: 2F 2-2: Fly out, F3 (Popup, 3F)
|
Pitching: RHP Will Jackson
|
|
Batting: LHB Jorge Fernández
|
0-0: Ball 1-0: Ball 2-0: Ball 3-0: Called Strike 3-1: Called Strike 3-2: Fly out, F6 (Line Drive, 56)
|
Bottom of the 6th over - 0 run(s), 0 hit(s), 0 error(s), 1 left on base; Menlo 3 - Bismarck 5 |
TOP OF THE 7TH |
Menlo Maniacs batting - Pitching for Bismarck Barons : RHP Sean Bass
|
Batting: RHB Robert Downing
|
0-0: Called Strike 0-1: Ball 1-1: Ball 2-1: Called Strike 2-2: SINGLE (Line Drive, 4D)
|
Batting: LHB Jeff Tucker
|
0-0: Ball Robert Downing is caught stealing 2nd base 1-0: Ball 2-0: Ball 3-0: Called Strike 3-1: Base on Balls
|
Batting: LHB Arthur Hall
|
0-0: Ball 1-0: Ball 2-0: Ball 3-0: Base on Balls Jeff Tucker to second
|
Pinch Hitting: LHB Marcos Pérez
|
0-0: DOUBLE (Flyball, 89XD) Jeff Tucker scores Arthur Hall to third
|
Batting: RHB Júlio Trinidad
|
0-0: Ball 1-0: SINGLE (Line Drive, 78S) Arthur Hall scores Marcos Pérez to third
|
Batting: RHB Ernest Russell
|
0-0: SINGLE (Line Drive, 34) Marcos Pérez scores Júlio Trinidad to second
|
Batting: LHB Pedro Rodríguez
|
0-0: Called Strike 0-1: Foul Ball, location: 2F 0-2: Ball 1-2: Foul Ball, location: 2F 1-2: Ball 2-2: SINGLE (Flyball, 89S) Júlio Trinidad to third Ernest Russell to second
|
Pitching: LHP Charlie Conner
|
|
Pinch Hitting: RHB Bob Campbell
|
0-0: Foul Ball, location: 2F 0-1: Ball 1-1: Called Strike 1-2: Ball 2-2: Foul Ball, location: 2F 2-2: Ball 3-2: Fly out, F7 (Flyball, 78XD) Runner from 3rd tags up, SCORES, no throw Ernest Russell to third
|
Batting: RHB Gilberto León
|
0-0: Called Strike 0-1: Ball 1-1: Swinging Strike 1-2: Foul Ball, location: 2F 1-2: Strikes out swinging
|
Top of the 7th over - 4 run(s), 5 hit(s), 0 error(s), 2 left on base; Menlo 7 - Bismarck 5 |
BOTTOM OF THE 7TH |
Bismarck Barons batting - Pitching for Menlo Maniacs : RHP Will Jackson
|
Now at 1B: Marcos Vázquez
|
|
Now in RF: Bob Campbell
|
|
Batting: LHB John Frost
|
0-0: Called Strike 0-1: Ball 1-1: Ball 2-1: Ball 3-1: Base on Balls
|
Batting: RHB Norm Francis
|
0-0: Ball 1-0: SINGLE (Line Drive, 6M) John Frost to second
|
Batting: RHB Eric Fuller
|
0-0: Called Strike 0-1: Called Strike 0-2: Strikes out swinging
|
Batting: SHB António De La Cruz
|
0-0: Ball John Frost is caught stealing 3rd base Norm Francis to second 1-0: Foul Ball, location: 2F 1-1: Ball 2-1: Foul Ball, location: 2F 2-2: Ball 3-2: Strikes out swinging
|
Bottom of the 7th over - 0 run(s), 1 hit(s), 0 error(s), 1 left on base; Menlo 7 - Bismarck 5 |
TOP OF THE 8TH |
Menlo Maniacs batting - Pitching for Bismarck Barons : LHP Charlie Conner
|
Batting: RHB Robert Downing
|
0-0: Ball 1-0: Ball 2-0: Ball 3-0: Base on Balls
|
Batting: LHB Jeff Tucker
|
0-0: Called Strike Robert Downing steals 2nd base 0-1: Foul Ball, location: 2F 0-2: Strikes out swinging
|
Batting: LHB Arthur Hall
|
0-0: Intentional Walk
|
Pitching: RHP Francisco Anaya
|
|
Batting: LHB Marcos Vázquez
|
0-0: Ball Robert Downing steals 3rd base Arthur Hall to second 1-0: Called Strike 1-1: Foul Ball, location: 2F 1-2: Ball 2-2: Strikes out swinging
|
Batting: RHB Júlio Trinidad
|
0-0: Ball 1-0: Foul Ball, location: 2F 1-1: Ball 2-1: Foul Ball, location: 2F 2-2: Strikes out swinging
|
Top of the 8th over - 0 run(s), 0 hit(s), 0 error(s), 2 left on base; Menlo 7 - Bismarck 5 |
BOTTOM OF THE 8TH |
Bismarck Barons batting - Pitching for Menlo Maniacs : RHP Will Jackson
|
Batting: RHB Seiji Kouno
|
0-0: Called Strike 0-1: Foul Ball, location: 2F 0-2: Ball 1-2: Strikes out swinging
|
Batting: RHB Herb Bunch
|
0-0: Called Strike 0-1: Swinging Strike 0-2: Ball 1-2: Strikes out swinging
|
Batting: RHB Pancho Torres
|
0-0: Ball 1-0: Foul Ball, location: 2F 1-1: Ball 2-1: Ball 3-1: Called Strike 3-2: Base on Balls
|
Pitching: RHP David Bishop
|
|
Batting: RHB Michael Thomas
|
0-0: Foul Ball, location: 2F 0-1: SINGLE (Line Drive, 7S) Pancho Torres to second
|
Pitching: RHP Steve Poe
|
|
Pinch Hitting: LHB Edwin Ryan
|
0-0: Called Strike 0-1: Foul Ball, location: 2F 0-2: Ball Wild Pitch! Pancho Torres to third Michael Thomas to second 1-2: Ball 2-2: Ball 3-2: Strikes out looking
|
Bottom of the 8th over - 0 run(s), 1 hit(s), 0 error(s), 2 left on base; Menlo 7 - Bismarck 5 |
TOP OF THE 9TH |
Menlo Maniacs batting - Pitching for Bismarck Barons : RHP Francisco Anaya
|
Now in LF: Edwin Ryan
|
|
Batting: RHB Ernest Russell
|
0-0: Ball 1-0: Ground out 4-3 (Groundball, 4)
|
Batting: LHB Pedro Rodríguez
|
0-0: Called Strike 0-1: Called Strike 0-2: Ground out 4-3 (Groundball, 4)
|
Batting: RHB Bob Campbell
|
0-0: Foul Ball, location: 2F 0-1: Ball 1-1: Called Strike 1-2: Ball 2-2: Ball 3-2: Strikes out swinging
|
Top of the 9th over - 0 run(s), 0 hit(s), 0 error(s), 0 left on base; Menlo 7 - Bismarck 5 |
BOTTOM OF THE 9TH |
Bismarck Barons batting - Pitching for Menlo Maniacs : RHP Steve Poe
|
Pitching: RHP James Jones
|
|
Batting: LHB John Frost
|
0-0: Ball 1-0: Called Strike 1-1: Fly out, F8 (Flyball, 8RM)
|
Batting: RHB Norm Francis
|
0-0: Swinging Strike 0-1: Foul Ball, location: 2F 0-2: Ball 1-2: Ball 2-2: Ball 3-2: Foul Ball, location: 2F 3-2: Base on Balls
|
Batting: RHB Eric Fuller
|
0-0: Called Strike 0-1: Ball 1-1: Foul Ball, location: 2F 1-2: Foul Ball, location: 2F 1-2: Reached on error, E4 (Groundball, 4) Norm Francis to second
|
Batting: SHB António De La Cruz
|
0-0: Ball 1-0: Called Strike 1-1: Ball 2-1: Called Strike 2-2: Ball 3-2: Strikes out swinging
|
Batting: RHB Seiji Kouno
|
0-0: Swinging Strike 0-1: Ball 1-1: Foul Ball, location: 2F 1-2: Strikes out swinging
|
Bottom of the 9th over - 0 run(s), 0 hit(s), 1 error(s), 2 left on base; Menlo 7 - Bismarck 5 |
|